 Dungeon Sprint DCSS version 0.24.0-41-g2ae2f7f1be (webtiles) character file.

Game seed: 14337271136995550229, levelgen mode: deterministic

22 McKennaii the Skirmisher (level 2, 5/25 HPs)
             Began as a Demonspawn Fighter on Dec 10, 2019.
             Got out of the dungeon alive.
             The game lasted 00:00:20 (198 turns).

McKennaii the Skirmisher (Demonspawn Fighter)        Turns: 198, Time: 00:00:21

Health: 5/25       AC:  6    Str: 16    XL:     2   Next: 68%
Magic:  2/2        EV:  7    Int:  9    God:
Gold:   0          SH:  9    Dex: 12    Spells: 1/1 levels left

rFire    . . .     SeeInvis .   a - +0 long sword
rCold    . . .     Gourm    .   c - +0 shield
rNeg     . . .     Faith    .   b - +0 scale mail
rPois    .         Spirit   .   (no helmet)
rElec    .         Reflect  .   (no cloak)
rCorr    .         Harm     .   (no gloves)
MR       .....     NoTele   +   (no boots)
Stlth    ..........             (no amulet)
HPRegen  0.08/turn              (no ring)
MPRegen  0.08/turn              (no ring)

@: no status effects
A: claws 1
a: no special abilities


You escaped.
You were not hungry.

You visited 1 branch

Inventory:

Hand Weapons
 a - a +0 long sword (weapon)
Armour
 b - a +0 scale mail (worn)
 c - a +0 shield (worn)
Scrolls
 k - a scroll of blinking
Potions
 d - a potion of might
 e - a potion of curing
 g - a potion of heal wounds
 h - a potion of haste
 i - 2 potions of magic
 j - a potion of berserk rage
Comestibles
 f - a ration


   Skills:
 + Level 3.7 Fighting
 * Level 3.4 Long Blades
 + Level 3.6 Armour
 + Level 0.2 Dodging
 + Level 3.4 Shields


You had one spell level left.
You didn't know any spells.
Your spell library was empty.

Dungeon Overview and Level Annotations

Branches:
Dungeon (1/1)

Altars:
Cheibriados
Dithmenos
Elyvilon
Fedhas
Gozag
Hepliaklqana
Beogh


Innate Abilities, Weirdness & Mutations

You have sharp fingernails.


Message History

You closely miss the crimson imp.
The crimson imp is lightly wounded.
You block the crimson imp's attack.
You hit the crimson imp but do no damage.
The crimson imp blinks! x2
The crimson imp lashes its tail.
The crimson imp blinks!
The crimson imp grins evilly.
There is an open door to the Dungeon here.
The crimson imp blinks!
There is a staircase leading out of the dungeon here.
Are you sure you want to leave the Dungeon?
This will make you lose the game!
Alright, then stay!
There are monsters nearby!
There are monsters nearby!
There are monsters nearby!
There are monsters nearby!
There are monsters nearby!
Are you sure you want to leave the Dungeon?
This will make you lose the game!
You have escaped!

▓▓▓
▓@▓
▓.▓
▓.▓
▓5▓
▓'▓
▓.▓
▓5▓
▓.▓
▓.▓


You could see 2 crimson imps.

Vanquished Creatures
  An adder (D)
  An ooze (D)
  An adder skeleton (D)
  A bat skeleton (D)
  A ball python (D)
  2 frilled lizards (D)
  A rat (D)
8 creatures vanquished.

Notes
Turn   | Place    | Note
-------+----------+-------------------------------------------
     0 | D        | McKennaii the Demonspawn Fighter began the quest for the
                  | Orb.
     0 | D        | Reached XP level 1. HP: 18/18 MP: 1/1
   128 | D        | Noticed a crimson imp
   128 | D        | Noticed a crimson imp
   141 | D        | Gained mutation: You have sharp fingernails. [demonic
                  | ancestry]
   141 | D        | Reached XP level 2. HP: 16/24 MP: 2/2
   170 | D        | Found a roughly hewn altar of Beogh.
   170 | D        | Found a snail-covered altar of Cheibriados.
   170 | D        | Found a shadowy altar of Dithmenos.
   170 | D        | Found a white marble altar of Elyvilon.
   170 | D        | Found a blossoming altar of Fedhas.
   170 | D        | Found an opulent altar of Gozag.
   171 | D        | Found a hazy altar of Hepliaklqana.
   198 | D        | Got out of the dungeon alive.

Levels and vault maps discovered:
D:        linesprint [early_d, line_temple, items_1, d_10, items_2, lair_1,
          lair_end, items_3, orc_1, orc_end, items_4, d_15, swamp_1, shoals_1,
          snake_1, spider_1, d_20, vaults_1, items_5, swamp_end, shoals_end,
          snake_end, spider_end, vaults_end, d_27, items_6, zot_1, zot_end,
          crypt_end, forest_end, elf_end, slime_end, tomb_end, abyss_end,
          pan_hell_end]

Skill      XL: |  1  2 |
---------------+-------+-----
Armour         | 3 |  3.6
Long Blades    | 2 3 |  3.4
Shields        | 3 |  3.4
Fighting       | |  3.7
Dodging        | |  0.2

Action                   || total
-------------------------++-------
Melee: Long sword        ||    73
Armor: Scale mail        ||    41
Dodge: Dodged            ||    16
Block: Shield            ||    37
       Rpst.: Long sword ||     2
